 Dungeon Crawl Stone Soup version 0.28-a0-863-g8cecda6153 (webtiles) character file.

Game seed: 18295799395971100541

2636 Ijustatesigmund the Blocker (level 9, -12/68 (74) HPs)
             Began as a Gnoll Fighter on Nov 20, 2021.
             Was a Follower of Cheibriados.
             Mangled by a wyvern (16 damage)
             ... on level 8 of the Dungeon.
             The game lasted 00:14:08 (10325 turns).

Ijustatesigmund the Blocker (Gnoll Fighter)        Turns: 10325, Time: 00:14:08

HP:   -12/68 (74)   AC:  5    Str: 20    XL:     9   Next: 61%
MP:   15/15         EV: 12    Int: 13    God:    Cheibriados [*.....]
Gold: 911           SH: 10    Dex: 14    Spells: 13/16 levels left

rFire   . . .      SeeInvis .   a - +1 war axe
rCold   . . .      Faith    .   c - +0 kite shield {rPois}
rNeg    . . .      Spirit   .   b - +1 leather armour {rPois}
rPois   +          Reflect  .   (no helmet)
rElec   .          Harm     .   (no cloak)
rCorr   .          Rampage  .   (no gloves)
Will    .....                   (no boots)
Stlth   ++........              (no amulet)
HPRegen 0.21/turn               (no ring)
MPRegen 0.14/turn               (no ring)

@: drained, very slow
A: fangs 1, strong nose, distributed training
a: Renounce Religion, Bend Time


You were on level 8 of the Dungeon.
You worshipped Cheibriados.
Cheibriados was aware of your devotion.
You visited 2 branches of the dungeon, and saw 9 of its levels.

You collected 911 gold pieces.

Inventory:

Hand Weapons
 a - a +1 war axe (weapon)
Missiles
 i - 5 poisoned darts (quivered)
 n - 14 sling bullets
Armour
 b - a +1 leather armour of poison resistance (worn)
 c - a +0 kite shield of poison resistance (worn)
Jewellery
 f - an amulet of reflection
 j - a ring of see invisible
 o - a ring of magical power
Wands
 k - a wand of paralysis (1)
Scrolls
 e - 3 scrolls of identify
 g - a scroll of enchant weapon
 l - a scroll of magic mapping
 m - a scroll of amnesia
 p - a scroll of holy word
Potions
 d - a potion of magic
 h - a potion of attraction


   Skills:
 + Level 8.0 Fighting
 + Level 4.4 Short Blades
 + Level 4.4 Long Blades
 + Level 6.4 Axes
 + Level 4.4 Maces & Flails
 + Level 4.4 Polearms
 + Level 4.4 Staves
 + Level 4.4 Slings
 + Level 4.4 Bows
 + Level 4.4 Crossbows
 + Level 4.4 Throwing
 + Level 8.0 Armour
 + Level 4.4 Dodging
 + Level 4.4 Stealth
 + Level 8.0 Shields
 + Level 4.4 Unarmed Combat
 + Level 4.4 Spellcasting
 + Level 3.6 Conjurations
 + Level 3.6 Hexes
 + Level 3.6 Summonings
 + Level 3.6 Necromancy
 + Level 3.6 Translocations
 + Level 3.6 Transmutations
 + Level 3.6 Fire Magic
 + Level 3.6 Ice Magic
 + Level 3.6 Air Magic
 + Level 3.6 Earth Magic
 + Level 3.6 Poison Magic
 + Level 4.9 Invocations
 + Level 4.4 Evocations


You had 13 spell levels left.
You knew the following spells:

 Your Spells              Type           Power      Damage    Failure   Level
a - Lesser Beckoning      Tloc           12%        N/A       36%         3

Your spell library contained the following spells:

 Spells                   Type           Power      Damage    Failure   Level
 Foxfire                  Conj/Fire      48%        2x1d6     12%         1
 Ensorcelled Hibernation  Hex/Ice        24%        N/A       19%         2
 Call Canine Familiar     Summ           12%        N/A       36%         3
 Conjure Flame            Conj/Fire      12%        6-21      36%         3
 Gell's Gravitas          Tloc           12%        N/A       36%         3
 Inner Flame              Hex/Fire       12%        N/A       36%         3
 Portal Projectile        Hex/Tloc       24%        N/A       36%         3
 Spider Form              Tmut/Pois      12%        N/A       36%         3
 Teleport Other           Tloc           12%        N/A       36%         3
 Flame Wave               Conj/Fire      12%        3d4       77%         4
 Leda's Liquefaction      Hex/Erth       6%         N/A       77%         4


Dungeon Overview and Level Annotations

Branches:
Dungeon (8/15)             Temple (1/1) D:5
   Lair: D:8-11

Altars:
Ashenzari
Cheibriados
Dithmenos
Fedhas
Gozag
Hepliaklqana
Kikubaaqudgha
Makhleb
Nemelex Xobeh
Okawaru
Qazlal
Ru
Trog
Uskayaw
Vehumet
Wu Jian
Yredelemnul
The Shining One

Annotations:
D:6 exclusion: statue


Innate Abilities, Weirdness & Mutations

You have very sharp teeth.
Your uncanny sense of smell can sniff out nearby items.
Your experience applies equally to all skills.


Message History

Okay, then.
You closely miss the wight.
The wight is heavily damaged.
You block the wight's attack.
You hit the wight but do no damage. You bite the wight.
The wight is heavily damaged.
The wight closely misses you. x2
You barely miss the wight. Your bite misses the wight.
The wight is heavily damaged.
The wight hits you with a +5 great sword.
* * * LOW HITPOINT WARNING * * *
You feel drained.
* * * LOW HITPOINT WARNING * * *
A wyvern comes into view.
The wight misses you.
You closely miss the wight.
The wight is heavily damaged.
You block the wight's attack.
You slash the wight!
You destroy the wight!
Cheibriados thoroughly appreciates the change of pace.
The wyvern hisses angrily.
Things that are here:
a +5 great sword; a +0 robe
Aiming: Paralyse
Press: ? - help, Shift-Dir - straight line, f - wyvern
Aim: a wyvern (chance to affect: 59%)
The wyvern resists with significant effort.
The wyvern closely misses you. You block the wyvern's attack.
Aiming: Paralyse
Press: ? - help, Shift-Dir - straight line, f/p - wyvern
Aim: a wyvern (chance to affect: 59%)
The wyvern resists with significant effort.
You block the wyvern's attack.
Aiming: Paralyse
Press: ? - help, Shift-Dir - straight line, f/p - wyvern
Aim: a wyvern (chance to affect: 59%)
The wyvern resists with significant effort.
The wyvern bites you!
You die...

# .#. #####.### #.#
.......# # #.#
####.....##.# #.#
........... #.#
#>..).# #.# #...@.#
#.# ########l#.# #.#
.........#.########<#
##########....)..(.[#
############


You could see a wyvern.

Vanquished Creatures
  Grinder (D:4)
  3 ice beasts (D:7)
  3 black bears
  2 ogres
  2 centaurs
  A kobold brigand (D:6)
  3 bullfrogs
  2 wyvern zombies
  A gnoll sergeant (D:6)
  A water moccasin zombie (D:5)
  2 scorpions (D:6)
  8 wights
  A bullfrog zombie (D:6)
  2 gnoll shamans
  A jelly (D:6)
  2 iguanas
  An orc wizard (D:6)
  Natasha (thrice) (D:2)
  3 howler monkey zombies
  15 gnolls
  6 adders
  4 worms
  5 dart slugs
  17 orcs
  4 ball pythons
  6 endoplasms
  A giant cockroach (D:2)
  5 goblins
  11 hobgoblins
  2 jackals (D:1)
  3 quokkas
  9 bats
  3 frilled lizards
  10 kobolds
  4 rats
147 creatures vanquished.

Vanquished Creatures (others)
  2 fungi (D:4)
  4 plants (D:3)
  4 toadstools (D:4)
10 creatures vanquished.

Grand Total: 157 creatures vanquished

Notes
Turn   | Place    | Note
-------+----------+-------------------------------------------
     0 | D:1      | Ijustatesigmund the Gnoll Fighter began the quest for the
                  | Orb.
     0 | D:1      | Reached XP level 1. HP: 23/23 MP: 1/1
   197 | D:1      | Found a faded altar of an unknown god.
   379 | D:1      | Reached XP level 2. HP: 28/29 MP: 2/2
   806 | D:1      | Reached XP level 3. HP: 35/35 MP: 3/3
   897 | D:2      | Reached skill level 1 in Invocations
  1137 | D:2      | Reached skill level 1 in Short Blades
  1137 | D:2      | Reached skill level 1 in Long Blades
  1137 | D:2      | Reached skill level 1 in Maces & Flails
  1137 | D:2      | Reached skill level 1 in Polearms
  1137 | D:2      | Reached skill level 1 in Staves
  1137 | D:2      | Reached skill level 1 in Slings
  1137 | D:2      | Reached skill level 1 in Bows
  1137 | D:2      | Reached skill level 1 in Crossbows
  1137 | D:2      | Reached skill level 1 in Throwing
  1137 | D:2      | Reached skill level 1 in Dodging
  1137 | D:2      | Reached skill level 1 in Stealth
  1137 | D:2      | Reached skill level 1 in Unarmed Combat
  1137 | D:2      | Reached skill level 1 in Spellcasting
  1137 | D:2      | Reached skill level 1 in Evocations
  1415 | D:2      | Noticed Natasha
  1426 | D:2      | Killed Natasha
  1427 | D:2      | Reached XP level 4. HP: 21/41 MP: 5/5
  1767 | D:2      | Noticed Natasha
  1780 | D:2      | Killed Natasha
  1781 | D:2      | Reached skill level 1 in Conjurations
  1781 | D:2      | Reached skill level 1 in Hexes
  1781 | D:2      | Reached skill level 1 in Summonings
  1781 | D:2      | Reached skill level 1 in Necromancy
  1781 | D:2      | Reached skill level 1 in Translocations
  1781 | D:2      | Reached skill level 1 in Transmutations
  1781 | D:2      | Reached skill level 1 in Fire Magic
  1781 | D:2      | Reached skill level 1 in Ice Magic
  1781 | D:2      | Reached skill level 1 in Air Magic
  1781 | D:2      | Reached skill level 1 in Earth Magic
  1781 | D:2      | Reached skill level 1 in Poison Magic
  1900 | D:2      | Noticed Natasha
  1909 | D:2      | Killed Natasha
  1910 | D:2      | Reached XP level 5. HP: 46/47 MP: 5/7
  2308 | D:3      | Found a hide-covered altar of Uskayaw.
  3333 | D:4      | Reached XP level 6. HP: 53/53 MP: 8/8
  3632 | D:4      | Identified a scroll of acquirement
  3632 | D:4      | Acquired 467 gold pieces
  3787 | D:4      | Noticed Grinder
  3797 | D:4      | Killed Grinder
  3798 | D:4      | Reached skill level 5 in Axes
  3798 | D:4      | Reached XP level 7. HP: 59/59 MP: 8/10
  4229 | D:5      | Entered Level 5 of the Dungeon
  4430 | D:5      | Found a staircase to the Ecumenical Temple.
  4475 | Temple   | Entered the Ecumenical Temple
  4684 | D:5      | Found an ornate altar of the Wu Jian Council.
  5587 | D:5      | Found a snail-covered altar of Cheibriados.
  5595 | D:5      | Became a worshipper of Cheibriados the Contemplative
  6085 | D:6      | Reached XP level 8. HP: 42/67 MP: 12/12
  7539 | D:6      | Found a radiant altar of Vehumet.
  7708 | D:6      | Reached * piety under Cheibriados
  8024 | D:6      | Found a sacrificial altar of Ru.
  8088 | D:6      | Learned a level 3 spell: Lesser Beckoning
  8293 | D:7      | Reached XP level 9. HP: 60/72 MP: 14/14
  9108 | D:7      | Found an opulent altar of Gozag.
 10316 | D:8      | HP: 3/69 [wight (3)]
 10325 | D:8      | Mangled by a wyvern

Illustrated notes

Levels and vault maps discovered:
D:1:      roderic_octagonal_star, layout_rooms,
          hellmonk_ecumenical_altar_prayer_group, amethyst_killhole
D:2:      layout_rooms, uniq_natasha
D:3:      layout_basic, nicolae_uskayaw_dance_hall, serial_forest,
          infiniplex_forest_clump_C, infiniplex_forest_clump_tiny,
          infiniplex_forest_zigzag_1, infiniplex_forest_fountain,
          infiniplex_forest_clump_long, infiniplex_forest_straight_2,
          infiniplex_forest_end_3, infiniplex_forest_side_room,
          chequers_arboretum
D:4:      layout_loops_ring, minmay_gold_behind_fungi, uniq_grinder
D:5:      layout_basic, mainiacjoe_overflow_catch_the_wave,
          minmay_temple_entry_statues_fountains
D:6:      layout_basic, nicolae_ru_path_of_blood, vehumet_statue
D:7:      layout_cave_pods, grunt_gozag_breadcrumbs
D:8:      layout_loops_ring, lemuel_coloured_pillars_altar, eino_jars,
          uniq_erica
Temple:   hc_temple_tempest_star

Skill      XL: |  1  2  3  4  5  6  7  8  9 |
---------------+----------------------------+-----
Invocations    | 1 2 3 4 |  4.9
Short Blades   | 1 2 3 4 |  4.4
Long Blades    | 1 2 3 4 |  4.4
Maces & Flails | 1 2 3 4 |  4.4
Polearms       | 1 2 3 4 |  4.4
Staves         | 1 2 3 4 |  4.4
Slings         | 1 2 3 4 |  4.4
Bows           | 1 2 3 4 |  4.4
Crossbows      | 1 2 3 4 |  4.4
Throwing       | 1 2 3 4 |  4.4
Dodging        | 1 2 3 4 |  4.4
Stealth        | 1 2 3 4 |  4.4
Unarmed Combat | 1 2 3 4 |  4.4
Spellcasting   | 1 2 3 4 |  4.4
Evocations     | 1 2 3 4 |  4.4
Conjurations   | 1 2 3 |  3.6
Hexes          | 1 2 3 |  3.6
Summonings     | 1 2 3 |  3.6
Necromancy     | 1 2 3 |  3.6
Translocations | 1 2 3 |  3.6
Transmutations | 1 2 3 |  3.6
Fire Magic     | 1 2 3 |  3.6
Ice Magic      | 1 2 3 |  3.6
Air Magic      | 1 2 3 |  3.6
Earth Magic    | 1 2 3 |  3.6
Poison Magic   | 1 2 3 |  3.6
Axes           | 5 6 |  6.4
Fighting       | 7 8 |  8.0
Armour         | 7 8 |  8.0
Shields        | 7 8 |  8.0

Action                   |  1- 3 |  4- 6 |  7- 9 || total
-------------------------+-------+-------+-------++-------
Melee: War axe           |   123 |   152 |   271 ||   546
       Bite              |    13 |    26 |    29 ||    68
Throw: Throwing net      |       |     1 |     1 ||     2
       Dart              |       |       |    16 ||    16
Evoke: Wand              |       |       |    16 ||    16
  Use: Scroll            |     2 |     7 |    11 ||    20
       Potion            |       |     2 |     4 ||     6
 Stab: Invisible         |       |       |     2 ||     2
       Sleeping          |       |       |     2 ||     2
       Paralysed         |       |       |     8 ||     8
Armor: Scale mail        |    61 |    34 |       ||    95
       Leather armour    |       |       |    62 ||    62
Dodge: Dodged            |    84 |    42 |   163 ||   289
Block: Buckler           |    34 |    24 |    39 ||    97
       Kite shield       |       |       |   113 ||   113

Table legend: (Time is in decaauts)
 A = Elapsed time spent in this place.
 B = Non-inter-level travel time spent in this place.
 C = Inter-level travel time spent in this place.
 D = Time resting spent in this place.
 E = Time spent auto-exploring this place.
 F = Levels seen in this place.
 G = Mean time per level.
                   A        B        C        D        E       F      G
               +--------+--------+--------+--------+--------+-----+--------+
         Total |  10947 |  10755 |    192 |   3668 |   5582 |   9 | 1216.3 |
       Dungeon |  10746 |  10569 |    177 |   3668 |   5404 |   8 | 1343.2 |
        Temple |    200 |    186 |     14 |      0 |    178 |   1 |  200.0 |
               +--------+--------+--------+--------+--------+-----+--------+

Top non-repeatable levels by time:
     D:7: 2297 daAuts
     D:5: 2057 daAuts
     D:6: 1851 daAuts
     D:2: 1380 daAuts
     D:3: 1146 daAuts
     D:4: 914 daAuts
     D:1: 883 daAuts
     D:8: 214 daAuts
  Temple: 200 daAuts
